 Dungeon Crawl Stone Soup version 0.17.2-1-ge4368a0 (webtiles) character file.

395 Goblin1989 the Insei (level 6, -4/38 HPs)
             Began as an Octopode Transmuter on Sept 27, 2016.
             Was an Initiate of Cheibriados.
             Slain by an ogre
             ... wielding a +0 giant club
              (16 damage)
             ... on level 5 of the Dungeon.
             The game lasted 00:18:06 (4370 turns).

Goblin1989 the Insei (Octopode Transmuter)          Turns: 4370, Time: 00:18:06

Health: -4/38      AC:  1    Str: 10    XL:     6   Next: 82%
Magic:  7/10       EV: 12    Int: 18    God:    Cheibriados [......]
Gold:   188        SH:  0    Dex: 14    Spells: 3 memorised, 3 levels left

rFire  . . .     SeeInvis .       - Unarmed
rCold  . . .     Clarity  .     (no shield)
rNeg   + . .     SustAt   .     (helmet restricted)
rPois  .         Gourm    .     (no amulet)
rElec  .         Spirit   .     d - ring of positive energy
rCorr  .         Warding  .     (no ring)
rMut   .         Stasis   .     (no ring)
MR     .....                    (no ring)
Stlth  ++........               (no ring)
                                (no ring)
                                (no ring)
                                (no ring)

@: appendage, slow, not resistant to hostile enchantments, unstealthy
A: almost no armour, amphibious, 8 rings, constrict 8, tentacle spike 3,
camouflage 1, gelatinous body 1
a: End Transformation, Bend Time, Renounce Religion


You were on level 5 of the Dungeon.
You worshipped Cheibriados.
Cheibriados was noncommittal.
You were very hungry.
One of your tentacles had a temporary spike.
You visited 2 branches of the dungeon, and saw 6 of its levels.

You collected 188 gold pieces.

Inventory:

Missiles
 a - 8 arrows (quivered)
Jewellery
 d - a ring of positive energy (left tentacle)
Wands
 P - a wand of paralysis (16)
Scrolls
 b - 2 scrolls of remove curse {unknown}
 j - a scroll of recharging {unknown}
 k - 2 scrolls of teleportation {unknown}
 n - a scroll of noise {unknown}
 r - 2 scrolls of blinking {unknown}
 t - a scroll of amnesia {unknown}
Potions
 g - a potion of resistance
 l - 2 potions of cancellation
 o - 3 potions of agility
 q - a potion of might
Comestibles
 c - 3 bread rations
 i - 5 meat rations
 p - 8 fruits


   Skills:
 - Level 1.0 Fighting
 - Level 2.0 Dodging
 + Level 5.3 Unarmed Combat
 + Level 2.7 Spellcasting
 * Level 3.7 Transmutations
 * Level 3.0 Ice Magic


You had 3 spell levels left.
You knew the following spells:

 Your Spells              Type           Power        Failure   Level  Hunger
a - Beastly Appendage     Trmt           ###...       4%          1    None
b - Sticks to Snakes      Trmt           ###.......   8%          2    ##.....
c - Ice Form              Ice/Trmt       ##......     41%         4    ####...


Dungeon Overview and Level Annotations

Branches:
Dungeon (5/15)             Temple (1/1) D:4

Altars:
Cheibriados
Gozag
Nemelex Xobeh
Okawaru
Ru
Trog
Xom
Yredelemnul
Zin
The Shining One


Innate Abilities, Weirdness & Mutations

You cannot wear most types of armour.
You are amphibious.
You can wear up to eight rings at the same time.
You can use your tentacles to constrict eight enemies at once.
Your skin changes colour to match your surroundings (Stealth).
Your rubbery body absorbs attacks (AC +1).
One of your tentacles bears a large vicious spike.


Message History

The ogre is lightly wounded.
The iguana hisses angrily.
Your adder barely misses the ogre.
The ogre closely misses you.
You closely miss the ogre.
The ogre is lightly wounded.
Your adder bites the ogre. x2
The ogre is poisoned.
Your adder poisons the ogre!
You bludgeon the ogre!
You pierce the ogre.
The ogre is heavily wounded.
The ogre hits you with a giant club!
Your adder bites the ogre.
A water moccasin comes into view.
Your adder bites the ogre.
The ogre looks even sicker.
Your adder poisons the ogre!
The ogre hits your adder with a giant club!
Your adder dies!
The ogre shouts!
You are feeling very hungry.
You see here 14 stones.
The ogre hits you with a giant club!
You die...

ਜਜਜਜ.........ਜਜ ਜਜ..ਜ
.ਜਜ.......ਜਜਜਜ ਜਜ..ਜਜਜਜ.
........ਜਜਜ ਜਜਜਜ..ਜ.....
.ਜ..ਜਜਜਜਜ ਜਜਜਜ....ਜਜ.ਜਜਜਜ
........ਜਜਜਜਜਜਜ ਜ....ਜਜਜਜ..ਜ
..............ਜਜਜਜਜ.ਜਜਜਜਜ...ਜਜ
............................ਜ
.........ਜ.....ਜਜ<.....ਜਜ.ਜਜਜ
ਜਜਜਜਜਜਜਜ.......ਜ@......ਜਜ.ਜ ਜ
ਜ.......O^......ਜਜ.ਜ ਜ
ਜਜਜ..l..........ਜ..ਜਜਜ
ਜਜਜਜ...S..........ਜ....ਜਜ
ਜਜ........ਜਜ.>.....ਜ.....ਜਜ
ਜ.....ਜਜਜਜਜਜਜਜਜਜ.ਜਜ.......ਜ
ਜ.>...ਜ ਜ.ਜਜ.......ਜ
......ਜਜਜਜ ਜ..........ਜ .ਜਜ[.
ਜਜ........ਜਜ


You could see a water moccasin, an ogre and an iguana.

Vanquished Creatures
  A giant frog (D:3)
  A scorpion (D:5)
  A giant frog skeleton (D:5)
  A jelly (D:5)
  2 hounds (D:4)
  A worker ant (D:5)
  A hound skeleton (D:5)
  3 adders
  3 gnolls (D:4)
  A shadow imp (D:5)
  An ooze (D:2)
  An adder zombie (D:5)
  2 worms (D:3)
  An orc (D:4)
  A giant cockroach (D:3)
  2 hobgoblins (D:1)
  A quokka (D:2)
  A ball python (D:3)
  A ball python skeleton (D:4)
  4 bats
  A giant gecko skeleton (D:4)
  3 giant newts
  11 goblins
  A jackal skeleton (D:5)
  11 kobolds
  A quokka skeleton (D:4)
  5 rats
63 creatures vanquished.

Vanquished Creatures (collateral kills)
  An orc priest (D:4)
  A gnoll (D:4)
  An orc (D:4)
3 creatures vanquished.

Grand Total: 66 creatures vanquished

Notes
Turn   | Place    | Note
--------------------------------------------------------------
     0 | D:1      | Goblin1989 the Octopode Transmuter began the quest for the Orb.
     0 | D:1      | Reached XP level 1. HP: 13/13 MP: 3/3
   528 | D:1      | Reached XP level 2. HP: 11/18 MP: 5/5
   532 | D:1      | Learned a level 2 spell: Sticks to Snakes
   985 | D:2      | Reached skill level 4 in Unarmed Combat
  1078 | D:2      | Reached XP level 3. HP: 23/23 MP: 6/6
  1319 | D:3      | Found a sacrificial altar of Ru.
  1352 | D:3      | Found a faded altar to an unknown god.
  1433 | D:3      | Found a bloodstained altar of Trog.
  1433 | D:3      | Found an iron altar of Okawaru.
  1690 | D:3      | Found a basalt altar of Yredelemnul.
  1749 | D:3      | Noticed an ogre
  1856 | D:4      | Reached XP level 4. HP: 18/28 MP: 5/7
  1862 | D:4      | Learned a level 4 spell: Ice Form
  2010 | D:4      | Reached skill level 1 in Ice Magic
  2269 | D:4      | Found a glowing silver altar of Zin.
  2354 | D:4      | Reached XP level 5. HP: 24/33 MP: 6/8
  2359 | D:4      | Reached skill level 5 in Unarmed Combat
  2705 | D:3      | Noticed a giant frog
  2711 | D:3      | Killed a giant frog
  2711 | D:3      | Reached XP level 6. HP: 13/38 MP: 6/9
  3457 | D:4      | Noticed an ogre
  3467 | D:4      | Found an opulent altar of Gozag.
  3513 | D:5      | Entered Level 5 of the Dungeon
  3678 | D:5      | Found an iron altar of Okawaru.
  3701 | D:5      | Got a bloodstained hand axe
  3702 | D:5      | Identified the +7 hand axe "Yxzuuffapt" {freeze, rPois rC- rN+ MR-} (You found it on level 5 of the Dungeon)
  3972 | D:4      | Found a staircase to the Ecumenical Temple.
  3989 | Temple   | Entered the Ecumenical Temple
  4018 | Temple   | Became a worshipper of Cheibriados the Contemplative
  4113 | D:4      | Found a sparkling altar of Nemelex Xobeh.
  4271 | D:5      | HP: 1/38 [poisoned by a scorpion]
  4363 | D:5      | Noticed a water moccasin
  4370 | D:5      | Slain by an ogre

Action                   |  1- 3 |  4- 6 || total
-------------------------+-------+-------++-------
Melee: Unarmed           |    76 |    79 ||   155
 Cast: Sticks to Snakes  |     3 |    14 ||    17
       Beastly Appendage |     1 |     8 ||     9
  Use: Potion            |       |     5 ||     5
       Scroll            |       |     6 ||     6
 Stab: Sleeping          |     7 |       ||     7
       Distracted        |     1 |     1 ||     2
  Eat: Chunk             |     2 |     5 ||     7
       Royal jelly       |       |     2 ||     2

Vault maps used:
D:1:      minmay_arrival_glassed_features
D:2:      kennysheep_goblin_castle
D:3:      gammafunk_temple_overflow_pools, nicolae_overflow_crystal_walls,
          nicolae_ru_awakened_eye, ecumenical_altar_2, minmay_ogre_servants
D:4:      grunt_temple_overflow_opulence, lemuel_doored_altar,
          minmay_temple_entry_statues
D:5:      first_bread, okawaru_ov_weapons_minmay
Temple:   circular_temple_6
